 Dungeon Crawl Stone Soup version 0.30-b1-2-g02819fbbbe (webtiles) character file.

Game seed: 6914997639002741313

2566 MisterFreud the Changer (level 9, -2/106 HPs)
             Began as a Pale Draconian Transmuter on May 8, 2023.
             Was an Initiate of Yredelemnul.
             Slain by a killer bee (3 damage)
             ... on level 8 of the Dungeon.
             The game lasted 00:10:25 (7618 turns).

MisterFreud the Changer (Pale Draconian Transmuter) Turns: 7618, Time: 00:10:26

Health: -2/106     AC: 24    Str: 13    XL:     9   Next: 31%
Magic:  10/15      EV:  2    Int: 15    God:    Yredelemnul [......]
Gold:   262        SH:  5    Dex: 14    Spells: 9/16 levels left

rFire   + +          .
                       - Unarmed
rCold   + . .        (no shield)
rNeg    . . .        (body armour unavailable)
rPois   +            (helmet currently unavailable)
rElec   +            (cloak currently unavailable)
rCorr   +            (gloves currently unavailable)
SInv    .            s - melded +0 pair of boots
Will    .....        r - amulet of reflection Stlth
                     t - ring of protection from fire
HPRegen 0.37/turn    (no ring)
MPRegen 0.14/turn

%: reflection
@: lethally poisoned (-2 -> -9), tree-form (expiring), silenced, resistant
A: stationary, stasis, torment immunity, boosted hp, (breathe steam), AC +7,
unfitting armour, (cold-blooded), (steam resistance)
a: Renounce Religion


You were on level 8 of the Dungeon.
You worshipped Yredelemnul.
Yredelemnul was noncommittal.
You were a tree.
You visited 2 branches of the dungeon, and saw 9 of its levels.

You collected 262 gold pieces.

Inventory:

Missiles
 l - 23 poisoned darts
 n - 4 boomerangs
Armour
 s - a +0 pair of boots (melded)
Jewellery
 g - a ring of ice
 i - a ring of ice
 r - an amulet of reflection (around neck)
 t - a ring of protection from fire (left branch)
Wands
 m - a wand of quicksilver (7)
Scrolls
 c - 4 scrolls of enchant armour
 j - a scroll of magic mapping
 k - a scroll of amnesia
 q - a scroll of identify
Potions
 a - a potion of lignification
 b - a potion of might
 d - a potion of mutation
 e - a potion of brilliance
 f - 2 potions of flight


   Skills:
 - Level 4.0 Fighting
 - Level 6.0 Dodging
 - Level 6.0 Unarmed Combat
 - Level 4.0 Spellcasting
 + Level 7.5 Transmutations
 + Level 3.3 Ice Magic


You had 9 spell levels left.
You knew the following spells:

 Your Spells              Type           Power      Damage    Failure   Level
a - Spider Form           Tmut/Pois      14%        N/A       12%         3
b - Ice Form              Ice/Tmut       19%        N/A       19%         4

Your spell library contained the following spells:

 Spells                   Type           Power      Damage    Failure   Level
 Beastly Appendage        Tmut           50%        N/A       1%          1
 Wereblood                Tmut           25%        N/A       1%          2
 Ozocubu's Armour         Ice            13%        N/A       14%         3
 Slow                     Hex            12%        N/A       19%         1
 Confusing Touch          Hex            3%         N/A       47%         3
 Vampiric Draining        Necr           3%         2d6       47%         3
 Metabolic Englaciation   Hex/Ice        4%         N/A       94%         5
 Ozocubu's Refrigeration  Ice            6%         4d8       100%        7
 Simulacrum               Ice/Necr       Unusable   N/A       N/A         6

Dungeon Overview and Level Annotations

Branches:
Dungeon (8/15)             Temple (1/1) D:7
   Lair: D:8-11

Altars:
Ashenzari
Cheibriados
Dithmenos
Elyvilon
Fedhas
Gozag
Hepliaklqana
Kikubaaqudgha
Makhleb
Nemelex Xobeh
Okawaru
Qazlal
Sif Muna
Trog
Uskayaw
Vehumet
Xom
Yredelemnul
Zin
The Shining One

Shops:
D:1 =   D:4 *

Annotations:
D:3 3 runed translucent doors, Dirian's ghost, amateur MiFi


Innate Abilities, Weirdness & Mutations

You are a tree.
Your roots penetrate the ground, keeping you stationary.
You cannot be teleported.
You are immune to unholy pain and torment.
Your maximum health is greatly increased.
Your equipment is partially melded.
((You can breathe blasts of scalding, opaque steam.))
((Your pale cyan-grey scales are hard. (AC +7)))
You cannot fit into any form of body armour.
((You are cold-blooded and may be slowed by cold attacks.))
((You are immune to the effects of steam.))


Message History

You feel very sick. You block the killer bee's attack. x2
The killer bee stings you but does no damage. x5
The killer bee completely misses you.
Unknown command.
You feel much better.
* * * LOW HITPOINT WARNING * * *
You feel very sick.
The killer bee stings you but does no damage. x7
The killer bee stings you.
* * * LOW HITPOINT WARNING * * *
Unknown command.
You hit the killer bee but do no damage.
The killer bee is heavily wounded.
* * * LOW HITPOINT WARNING * * *
You feel very sick.
The killer bee stings you but does no damage.
You block the killer bee's attack.
The killer bee stings you but does no damage. x6
You smack the killer bee!
You kill the killer bee!
* * * LOW HITPOINT WARNING * * *
You feel very sick.
The killer bee stings you but does no damage. x2
The killer bee stings you.
* * * LOW HITPOINT WARNING * * *
You block the killer bee's attack. x2; The killer bee stings you.
* * * LOW HITPOINT WARNING * * *
Unknown command.
You cannot move.
You closely miss the killer bee.
Your transformation is almost over.
* * * LOW HITPOINT WARNING * * *
You feel very sick. The killer bee stings you.
* * * LOW HITPOINT WARNING * * *
The killer bee stings you but does no damage. x2
The killer bee stings you.
You die...
Your body rises from the dead as a mindless zombie.

#..........#.........
##..........##........
##...........##........
.#............#
#.......
..............# .......
#.............# ......
.............#
#..#...y.....#
#..##y♣y.....# #.
###......# ##..))##
###..# ####


You could see 3 killer bees.

Vanquished Creatures
  Sigmund (D:6)
  Eustachio (D:6)
  A water moccasin (D:7)
  3 orc warriors
  A sky beast (D:7)
  An ice beast (D:7)
  An ogre (D:6)
  A centaur (D:6)
  2 phantoms
  2 bullfrogs
  5 wights (D:8)
  3 killer bees (D:8)
  A hound (D:5)
  3 orc priests
  6 jellies
  6 iguanas
  A sleepcap (D:7)
  8 orc wizards
  7 adders
  A white imp (D:6)
  An ufetubus (D:6)
  5 worms
  2 dart slugs
  17 orcs
  5 ball pythons
  6 endoplasms
  5 giant cockroaches
  4 goblins
  8 hobgoblins
  4 jackals (D:2)
  12 kobolds
  2 quokkas
  A bat (D:1)
  4 frilled lizards
  5 rats
136 creatures vanquished.

Notes
Turn   | Place    | Note
-------+----------+-------------------------------------------
     0 | D:1      | MisterFreud the Draconian Transmuter began the quest for
                  | the Orb.
     0 | D:1      | Reached XP level 1. HP: 16/16 MP: 3/3
   123 | D:1      | Reached XP level 2. HP: 12/23 MP: 5/5
   149 | D:1      | Reached skill level 3 in Transmutations
   211 | D:1      | Found Wynop's Jewellery Boutique.
   556 | D:1      | Reached XP level 3. HP: 28/28 MP: 6/6
   962 | D:2      | Learned a level 3 spell: Spider Form
  1167 | D:2      | Reached skill level 4 in Transmutations
  1376 | D:2      | Found a faded altar of an unknown god.
  1610 | D:2      | Reached XP level 4. HP: 32/35 MP: 7/7
  2426 | D:3      | Found a runed translucent gate.
  2426 | D:3      | Found a runed translucent gate.
  2426 | D:3      | Found a runed translucent gate.
  2426 | D:3      | Noticed Dirian's ghost (amateur MiFi)
  2966 | D:4      | Noticed a phantom
  2986 | D:4      | Reached skill level 5 in Transmutations
  3151 | D:4      | Reached XP level 5. HP: 18/41 MP: 1/8
  3410 | D:4      | Found Ruceyraa's Lightly-Used Armoury.
  3629 | D:4      | Found a shimmering blue altar of Sif Muna.
  3768 | D:4      | Found an ancient bone altar of Kikubaaqudgha.
  3775 | D:4      | Reached XP level 6. HP: 43/51 MP: 5/9
  3810 | D:4      | Found a radiant altar of Vehumet.
  4588 | D:5      | Entered Level 5 of the Dungeon
  4651 | D:5      | Reached skill level 5 in Unarmed Combat
  4929 | D:5      | Your scales start taking on a pale cyan-grey colour.
  4929 | D:5      | Reached XP level 7. HP: 49/59 MP: 3/10
  4929 | D:5      | Gained mutation: You are immune to the effects of steam.
                  | [Pale Draconian growth]
  5768 | D:6      | Reached XP level 8. HP: 66/66 MP: 11/11
  5797 | D:6      | Reached skill level 5 in Dodging
  5852 | D:6      | Noticed Sigmund
  5871 | D:6      | Killed Sigmund
  5894 | D:6      | Learned a level 4 spell: Ice Form
  5948 | D:6      | Noticed Eustachio
  5965 | D:6      | Killed Eustachio
  6594 | D:7      | Reached skill level 6 in Transmutations
  6789 | D:7      | Reached skill level 1 in Ice Magic
  6789 | D:7      | Reached XP level 9. HP: 37/71 MP: 12/15
  6933 | D:7      | Found a staircase to the Ecumenical Temple.
  6958 | Temple   | Entered the Ecumenical Temple
  7126 | Temple   | Became a worshipper of Yredelemnul the Dark
  7312 | D:7      | Reached skill level 7 in Transmutations
  7606 | D:8      | HP: 4/85 [killer bee (7)]
  7614 | D:8      | HP: 4/106 [poisoned by a killer bee]
  7618 | D:8      | HP: 1/106 [killer bee (3)]
  7618 | D:8      | Slain by a killer bee

Illustrated notes

Levels and vault maps discovered:
D:1:      kennysheep_arrival_seaside, layout_basic, serial_shops, shop,
          minmay_misc_feat_diagonals, interstate_on_off,
          hangedman_decor_slide_cut, minmay_indecisive_spiral
D:2:      layout_basic, basic_ecumenical_altar
D:3:      layout_basic, gammafunk_ghost_split, minmay_hedge_maze
D:4:      layout_basic, palyth_temple_overflow_mages, minmay_shop_damaged,
          grunt_tough_drop
D:5:      layout_basic, grunt_decor_fettered
D:6:      layout_cave_pods, uniq_eustachio, uniq_sigmund
D:7:      layout_rooms, minmay_temple_entry_arrows
D:8:      cheibrodos_iron_armory, layout_cave_pods, uniq_psyche, uniq_maurice
Temple:   minmay_crystal_spiral_temple

Skill      XL: |  1  2  3  4  5  6  7  8  9 |
---------------+----------------------------+-----
Transmutations | 3 4 5 6 7 |  7.5
Fighting       | 3 4 |  4.0
Unarmed Combat | 4 5 6 |  6.0
Dodging        | 4 6 |  6.0
Spellcasting   | 4 |  4.0
Ice Magic      | 1 3 |  3.3

Action                     |  1- 3 |  4- 6 |  7- 9 || total
---------------------------+-------+-------+-------++-------
  Melee: Unarmed           |   177 |   209 |   145 ||   531
         Tailslap          |    20 |    13 |    12 ||    45
         Punch             |     5 |     4 |     1 ||    10
         Headbutt          |     2 |       |       ||     2
         Kick              |     1 |       |       ||     1
   Cast: Beastly Appendage |     1 |       |       ||     1
         Spider Form       |       |    14 |     8 ||    22
         Ice Form          |       |       |     3 ||     3
Ability: Breathe Steam     |       |       |    18 ||    18
    Use: Scroll            |     7 |     7 |     2 ||    16
         Potion            |       |     1 |     6 ||     7
   Stab: Sleeping          |       |     1 |       ||     1
 Armour: Skin              |    37 |    28 |    89 ||   154
  Dodge: Dodged            |   116 |   108 |   135 ||   359
  Block: Other             |       |       |    36 ||    36
